 Dungeon Crawl Stone Soup version 0.28.0-1-gb440e238dd (webtiles) character file.

Game seed: 1938555193857631335

270 Morbidden the Covered (level 6, 2/48 HPs)
             Began as a Demonspawn Fighter on Feb 21, 2022.
             Quit the game on level 4 of the Dungeon.
             The game lasted 00:02:10 (2780 turns).

Morbidden the Covered (Demonspawn Fighter)          Turns: 2780, Time: 00:02:10

Health: 2/48       AC:  9    Str: 18    XL:     6   Next: 1%
Magic:  6/6        EV:  9    Int:  9    God:
Gold:   93         SH:  8    Dex: 13    Spells: 5/5 levels left

rFire   . . .      SeeInvis .   a - +0 war axe
rCold   . . .      Faith    .   c - +0 buckler
rNeg    . . .      Spirit   .   b - +0 scale mail
rPois   .          Reflect  .   (no helmet)
rElec   .          Harm     .   (no cloak)
rCorr   .          Rampage  .   (no gloves)
Will    .....                   (no boots)
Stlth   ..........              (no amulet)
HPRegen 0.16/turn               (no ring)
MPRegen 0.10/turn               (no ring)

@: mighty
A: hooves 2, icy blue scales 1, powered by pain 1, condensation shield
a: no special abilities


You were on level 4 of the Dungeon.
You visited 1 branch of the dungeon, and saw 4 of its levels.

You collected 93 gold pieces.

Inventory:

Hand Weapons
 a - a +0 war axe (weapon)
Armour
 b - a +0 scale mail (worn)
 c - a +0 buckler (worn)
Jewellery
 j - an amulet of regeneration
Wands
 g - a wand of digging (1)
Scrolls
 h - a scroll of identify {unknown}
Potions
 d - a potion of might
 e - 2 potions of flight
 f - a potion of berserk rage {unknown}
 i - a potion of lignification {unknown}


   Skills:
 + Level 3.9 Fighting
 + Level 3.6 Axes
 + Level 4.0 Armour
 + Level 0.9 Dodging
 + Level 0.2 Stealth
 + Level 3.3 Shields


You had 5 spell levels left.
You didn't know any spells.
Your spell library contained the following spells:

 Spells                   Type           Power      Damage    Failure   Level
 Beastly Appendage        Tmut           0%         N/A       86%         1
 Wereblood                Tmut           0%         N/A       94%         2
 Inner Flame              Hex/Fire       0%         N/A       99%         3
 Spider Form              Tmut/Pois      0%         N/A       99%         3
 Cause Fear               Hex            0%         N/A       100%        4
 Discord                  Hex            0%         N/A       100%        8


Dungeon Overview and Level Annotations

Branches:
Dungeon (4/15)
 Temple: D:4-7

Altars:
Fedhas
Hepliaklqana
Kikubaaqudgha
Vehumet

Shops:
D:1 *   D:2 (


Innate Abilities, Weirdness & Mutations

You have hoof-like feet.
You are partially covered in icy blue scales. (AC +2)
You sometimes gain a little power by taking damage.
A meltable shield of frost defends you. (SH +4)


Message History

You slice the kobold!!
You kill the kobold!
The gnoll hits you with a +0 club.
* * * LOW HITPOINT WARNING * * *
Unknown command.
You barely miss the gnoll. The gnoll completely misses you.
Unknown command.
You closely miss the gnoll. You kick the gnoll!
The gnoll is heavily wounded.
The gnoll closely misses you.
You hit the gnoll.
The gnoll is heavily wounded.
Unknown command.
You block the gnoll's attack. The gnoll misses you.
Things that are here:
a +0 whip; 2 poisoned darts; a +0 spear Unknown command.
You barely miss the gnoll. Your kick misses the gnoll.
The gnoll is heavily wounded.
You slash the gnoll!
You kill the gnoll!
The gnoll hits you with a +0 spear.
* * * LOW HITPOINT WARNING * * *
Your Armour skill increases to level 4!
You slash the gnoll!
You kill the gnoll!
You barely miss the gnoll. The gnoll hits you with a +0 whip.
* * * LOW HITPOINT WARNING * * *
The gnoll barely misses you.
Unknown command.
You slash the gnoll! You kick the gnoll.
You kill the gnoll!
You are starting to lose your buoyancy.
You have reached level 6!
Your demonic ancestry asserts itself...
Icy blue scales grow over part of your body.
Items here: )))).
You see here a +0 spear.
You float gracefully downwards.
Are you sure you want to abandon this character and quit the game? (Confirm with "yes".)

#.............. ......
#.............. ......#
#.............. .......
#............. .......##
#............. ........#
#............. ........#
##............
........###))...........
.......@.))#............
..........###...........
.........## #...........
.......### ##.<........
......# ##.........
###..# ####...... #.##
####.. .# ##


There were no monsters in sight!

Vanquished Creatures
  Jessica (D:2)
  Natasha (thrice) (D:2)
  3 adders (D:2)
  7 gnolls (D:4)
  4 dart slugs
  3 orcs (D:3)
  3 ball pythons
  16 bats
  7 endoplasms
  6 goblins
  3 hobgoblins (D:1)
  7 kobolds
  2 quokkas
  A frilled lizard (D:3)
  3 rats
69 creatures vanquished.

Notes
Turn   | Place    | Note
-------+----------+-------------------------------------------
     0 | D:1      | Morbidden the Demonspawn Fighter began the quest for the
                  | Orb.
     0 | D:1      | Reached XP level 1. HP: 18/18 MP: 1/1
   197 | D:1      | Found Zaoqam's General Store.
   199 | D:1      | Gained mutation: You sometimes gain a little power by
                  | taking damage. [demonic ancestry]
   199 | D:1      | Reached XP level 2. HP: 24/24 MP: 2/2
   546 | D:1      | Reached skill level 3 in Armour
   626 | D:1      | Gained mutation: You have large cloven feet. [demonic
                  | ancestry]
   626 | D:1      | Reached XP level 3. HP: 18/29 MP: 3/3
   750 | D:1      | Found a faded altar of an unknown god.
  1292 | D:2      | Noticed Natasha
  1293 | D:2      | Noticed Jessica
  1298 | D:2      | Killed Jessica
  1299 | D:2      | Gained mutation: You have hoof-like feet. [demonic
                  | ancestry]
  1299 | D:2      | Reached XP level 4. HP: 28/35 MP: 4/4
  1299 | D:2      | Killed Natasha
  1373 | D:2      | Found a hazy altar of Hepliaklqana.
  1490 | D:2      | Noticed Natasha
  1502 | D:2      | Killed Natasha
  1503 | D:2      | Gained mutation: A meltable shield of frost defends you.
                  | (SH +4) [demonic ancestry]
  1503 | D:2      | Reached XP level 5. HP: 21/42 MP: 5/5
  1681 | D:2      | Noticed Natasha
  1686 | D:2      | Killed Natasha
  1700 | D:2      | Found Cusugi's Weapon Shop.
  2536 | D:3      | Found a radiant altar of Vehumet.
  2586 | D:3      | Found an ancient bone altar of Kikubaaqudgha.
  2590 | D:3      | Found a blossoming altar of Fedhas.
  2774 | D:4      | Reached skill level 4 in Armour
  2774 | D:4      | HP: 1/42 [gnoll (2)]
  2776 | D:4      | Gained mutation: You are partially covered in icy blue
                  | scales. (AC +2) [demonic ancestry]
  2776 | D:4      | Reached XP level 6. HP: 2/48 MP: 6/6
  2780 | D:4      | Quit the game

Illustrated notes

Levels and vault maps discovered:
D:1:      nzn_arrival_depleted_hourglass, layout_rooms, serial_shops, shop,
          ebering_ecumenical_altar_petrified
D:2:      layout_basic, serial_shops, nicolae_shop_hallway_stairs, basic_altar,
          uniq_jessica, uniq_natasha
D:3:      layout_loops_cross, grunt_temple_overflow_growth_and_decay,
          nicolae_vehumet_radiance, corexii_hall_statues_x,
          kennysheep_generic_room_4
D:4:      layout_cave_pods, uniq_menkaure

Skill      XL: |  1  2  3  4  5 |
---------------+----------------+-----
Shields        | 3 |  3.3
Armour         | 3 4 |  4.0
Axes           | 2 3 |  3.6
Fighting       | |  3.9
Dodging        | |  0.9
Stealth        | |  0.2

Action                   |  1- 3 |  4- 6 || total
-------------------------+-------+-------++-------
Melee: War axe           |    98 |    74 ||   172
       Kick              |     7 |    18 ||    25
  Use: Potion            |       |     2 ||     2
Armor: Scale mail        |    51 |    26 ||    77
Dodge: Dodged            |    54 |    33 ||    87
Block: Buckler           |    23 |    35 ||    58
